Map: Orbital Shipyard

Players

LilDicky - Winner!

  • Race: Terran Terran
  • League: Diamond

Hopeindes

  • Race: Terran Terran
  • League: Platinum

VOD

http://www.twitch.tv/tumescentpie

Description

Time

  • Played on: Dec. 12, 2015, 8:48 p.m.
  • Length: 13:33
Show
View Real Time Build Order
Export as new Build Order

LilDicky Terran - Winner!

Build Orders: Banshee Rush 

Get SALT Encoding   

  12  0:01  SCV  
  13  0:13  SCV  
  14  0:18  Supply Depot  
  14  0:26  SCV  
  15  0:37  Refinery  
  15  0:40  SCV  
  16  0:44  Barracks  
  16  0:52  SCV  
  18  1:04  SCV  
  18  1:16  SCV  
  19  1:27  Refinery  
  19  1:28  SCV  
  19  1:31  Supply Depot  
  21  1:33  Reaper  
  21  1:42  Orbital Command  
  21  1:58  Factory  
  21  1:59  Supply Depot  
  21  2:07  Marine  
  22  2:23  SCV  
  22  2:27  Supply Depot  
  23  2:33  Marine  
  23  2:35  SCV  
  25  2:43  Starport  
  25  2:44  Factory Tech Lab  
  25  2:47  SCV  
  26  2:51  Marine  
  26  2:55  Supply Depot  
  27  2:59  SCV  
  28  3:20  SCV  
  28  3:25  Marine  
  29  3:33  SCV, Cloaking Field, Banshee  
  33  3:34  Widow Mine  
  33  3:37  Command Center  
  35  3:43  Marine  
  35  3:45  SCV  
  37  3:53  Supply Depot  
  37  3:57  SCV  
  37  4:02  Marine  
  39  4:09  SCV  
  40  4:13  Factory Tech Lab  
  40  4:16  Refinery  
  40  4:20  Marine  
  40  4:21  Banshee, SCV  
  45  4:29  Supply Depot  
  45  4:33  SCV  
  45  4:38  Marine  
  47  4:42  Siege Tank  
  47  4:45  SCV  
  51  4:49  Orbital Command  
  51  4:54  Engineering Bay  
  51  4:55  Marine  
  51  4:57  SCV  
  53  5:00  Refinery  
  53  5:14  Siege Tank  
  56  5:36  Banshee  
  56  5:38  Marine  
  60  5:46  Siege Tank  
  60  5:59  Missile Turret  
  60  6:02  Missile Turret  
  61  6:18  Siege Tank  
  59  6:29  Banshee  
  59  6:30  Marine  
  58  6:48  SCV x2  
  58  6:50  Siege Tank  
  63  7:00  Starport  
  63  7:02  Command Center  
  63  7:03  Starport  
  63  7:06  Missile Turret  
  63  7:07  Missile Turret  
  63  7:11  Missile Turret  
  63  7:12  Missile Turret  
  63  7:14  SCV  
  63  7:15  Banshee  
  67  7:16  Missile Turret  
  67  7:18  Marine  
  68  7:24  SCV  
  68  7:26  SCV, Factory  
  70  7:36  SCV  
  71  7:37  Hi-Sec Auto Tracking, Missile Turret  
  71  7:38  SCV  
  71  7:41  Missile Turret  
  72  8:07  Viking x3  
  75  8:37  Viking  
  77  8:43  Marine  
  72  8:58  Viking  
  72  8:59  Viking  
  72  9:01  Marine  
  77  9:07  Viking, Siege Tank  
  76  9:19  Marine  
  74  9:28  Viking  
  76  9:32  Factory Tech Lab  
  76  9:37  Marine  
  77  9:39  Siege Tank  
  77  9:43  Starport Tech Lab  
  77  9:44  Medivac  
  82  9:49  Command Center  
  82  9:50  Missile Turret  
  74  10:05  Banshee  
  77  10:14  Banshee, Medivac  
  77  10:20  Siege Tank  
  83  10:29  Missile Turret  
  83  10:31  Marine  
  83  10:35  SCV  
  85  10:48  Banshee, Orbital Command  
  85  10:49  Marine  
  89  10:58  SCV x2  
  89  11:01  SCV  
  89  11:02  Missile Turret  
  92  11:05  Sensor Tower  
  92  11:10  SCV  
  93  11:11  Viking  
  93  11:12  Banshee  
  91  11:26  Siege Tank x2  
  91  11:31  Banshee  
  92  11:47  Starport Reactor  
  92  11:55  Banshee  
  95  12:03  Orbital Command  
  95  12:05  Command Center  
  95  12:14  Banshee  
  101  12:15  Siege Tank  
  101  12:22  SCV x3, Refinery  
  104  12:24  Refinery  
  104  12:26  Missile Turret  
  104  12:28  Sensor Tower  
  104  12:34  SCV x3  
  95  12:46  SCV x3  
  98  12:58  SCV x3  
Show
View Real Time Build Order
Export as new Build Order

Hopeindes Terran 

Build Orders:  

Get SALT Encoding   

  12  0:01  SCV  
  13  0:13  SCV  
  14  0:18  Supply Depot  
  14  0:25  SCV  
  15  0:39  SCV  
  15  0:40  Barracks  
  16  0:45  Refinery  
  16  0:51  SCV  
  17  1:03  SCV  
  18  1:16  SCV  
  19  1:30  Orbital Command  
  19  1:43  Command Center  
  19  1:47  Marine  
  20  1:57  SCV  
  20  1:58  Supply Depot  
  20  2:01  Refinery  
  21  2:09  Barracks Reactor  
  21  2:15  SCV  
  21  2:22  Factory  
  21  2:34  SCV  
  22  2:45  Marine x2  
  22  2:46  SCV  
  25  2:56  Orbital Command  
  25  2:58  SCV  
  26  3:10  SCV  
  27  3:27  Factory Tech Lab  
  27  3:28  Marine x2  
  27  3:29  Starport  
  27  3:34  Engineering Bay  
  29  3:44  SCV x2  
  29  3:47  Siege Tank  
  29  3:48  Marine x2  
  36  4:06  Missile Turret  
  36  4:10  Missile Turret  
  36  4:12  SCV x2  
  36  4:14  Starport Tech Lab  
  38  4:18  Marine x2  
  38  4:21  Barracks  
  40  4:26  SCV x2  
  42  4:32  Supply Depot x2  
  42  4:33  Cloaking Field  
  42  4:40  Banshee  
  42  4:41  SCV  
  46  4:51  Terran Infantry Weapons Level 1  
  46  4:53  SCV, Siege Tank  
  46  4:56  Refinery  
  46  4:57  Refinery  
  46  4:59  Marine x2  
  48  5:27  Viking  
  49  5:34  Marine x3  
  50  5:52  Marine  
  49  5:58  Marine x2  
  51  6:10  Marine  
  50  6:16  Marine  
  50  6:31  SCV x2  
  52  6:36  Marine x2  
  52  6:37  Marine  
  55  6:43  SCV  
  56  6:55  SCV x2  
  56  6:56  Starport Reactor  
  56  6:58  Command Center  
  58  7:01  Barracks Reactor  
  58  7:03  Barracks Tech Lab  
  58  7:07  SCV  
  58  7:08  SCV  
  60  7:10  Barracks  
  60  7:11  Barracks  
  60  7:13  Barracks  
  60  7:16  Marine x2  
  60  7:17  Stimpack  
  62  7:30  Refinery  
  62  7:42  Supply Depot  
  62  7:43  Supply Depot  
  62  7:44  Marine  
  62  7:45  SCV x2, Siege Tank  
  62  7:46  Medivac x2  
  74  8:04  SCV x2  
  73  8:16  SCV  
  70  8:26  Viking x2  
  74  8:32  Orbital Command  
  71  8:38  Missile Turret  
  69  8:41  Missile Turret  
  68  9:00  Factory Tech Lab  
  68  9:09  Liberator x2  
  58  9:27  Marine x4  
  68  9:34  Factory  
  68  9:35  Factory  
  68  9:36  SCV x2  
  68  9:37  SCV  
  71  9:45  Marine x4  
  74  9:47  Missile Turret  
  74  9:48  SCV x2  
  74  9:49  SCV  
  63  10:05  Marine x3  
  63  10:06  Marine  
  63  10:11  Missile Turret  
  63  10:19  Factory Tech Lab  
  63  10:20  Factory Tech Lab  
  63  10:23  Marine x4  
  63  10:24  Starport  
  63  10:26  Starport  
  63  10:27  Medivac  
  69  10:41  Supply Depot, Marine x4  
  73  10:44  Supply Depot  
  73  10:56  Siege Tank  
  76  10:59  Marine  
  77  11:06  Supply Depot  
  77  11:07  Supply Depot, Marine x2  
  77  11:08  Marine  
  80  11:16  Marine  
  81  11:25  Marine x3  
  73  11:30  Supply Depot  
  73  11:31  Supply Depot  
  75  11:34  Marine  
  74  11:43  Marine x3  
  63  11:51  Siege Tank x2  
  63  11:52  Marine  
  70  11:54  Supply Depot  
  70  12:00  Marine  
  70  12:01  Marine x2  
  73  12:10  Marine  
  72  12:18  Marine  
  72  12:19  Marine x2  
  72  12:20  Barracks  
  75  12:23  Siege Tank x2  
  75  12:28  Marine  
  82  12:36  Marine  
  82  12:37  Marine x2  
  74  12:45  Marine  
  70  12:54  Marine x3  
  70  12:55  Siege Tank x2  
  79  13:03  Marine  
  73  13:12  Marine x2  
Tags
 
Add a new tag
Caveats
  • Supply blocks, unpowered buildings, or Contaminate may cause inaccurate times.
  • Supply counts are checked every 10 seconds.